 Dungeon Crawl Stone Soup version 0.30-a0-718-geaa24f58ff (webtiles) character file.

Game seed: 2854382334387780336

6890 hikkokomori the Fighter (level 11, -3/60 HPs)
             Began as a Vine Stalker Fighter on Jan 26, 2023.
             Was a Priest of Okawaru.
             Slain by a black mamba (10 damage)
             ... on level 1 of the Lair of Beasts.
             The game lasted 00:17:26 (7233 turns).

hikkokomori the Fighter (Vine Stalker Fighter)      Turns: 7233, Time: 00:17:26

Health: -3/60      AC:  7    Str: 27    XL:     11   Next: 6%
Magic:  0/18       EV: 12    Int: 20    God:    Okawaru [***...]
Gold:   768        SH:  5    Dex: 13    Spells: 8/18 levels left

rFire   + + .      SeeInvis .    r - +11 dagger of Wyrd {flame, Int+4}
rCold   . . .      Faith    .    c - +0 buckler
rNeg    . . .      Spirit   +    E - +3 leather armour {rF+}
rPois   .          Reflect  .    (no helmet)
rElec   .          Harm     .    f - +0 cloak
rCorr   .          Rampage  .    (no gloves)
Will    .....                    (no boots)
Stlth   +++                      C - amulet of regeneration
HPRegen 1.90/turn                x - +6 ring of intelligence
MPRegen 0.16/turn                g - ring of Peem {Wiz rF+ Will- Str+5}

@: no status effects
A: fangs 3, regeneration 1, magic shield, antimagic bite, no potion heal 2
a: Renounce Religion, Heroism


You were on level 1 of the Lair of Beasts.
You worshipped Okawaru.
Okawaru was most pleased with you.
You visited 3 branches of the dungeon, and saw 11 of its levels.
You also visited: Bailey.

You collected 1003 gold pieces.
You spent 235 gold pieces at shops.

Inventory:

Hand Weapons
 l - a +2 short sword of flaming
 r - the +11 dagger of Wyrd (weapon) {flame, Int+4}
   (You found it on level 3 of the Dungeon)

   Int:       It affects your intelligence (+4).
 Q - a +0 hand crossbow
Missiles
 B - 8 atropa-tipped darts (quivered)
 F - 8 curare-tipped darts
Armour
 b - a +1 scale mail
 c - a +0 buckler (worn)
 f - a +0 cloak (worn)
 E - a +3 leather armour of fire resistance (worn)
Jewellery
 g - the ring of Peem (right hand) {Wiz rF+ Will- Str+5}
   (You took it off a kobold on level 9 of the Dungeon)

   [ring of wizardry]

   It improves your spell success rate.
   Str:       It affects your strength (+5).
   rF:        It protects you from fire.
   Will:      It decreases your willpower.
 x - a +6 ring of intelligence (left hand)
 C - an amulet of regeneration (around neck)
 G - a ring of wizardry
 H - an amulet of faith
 L - an amulet of the acrobat
 O - a ring of ice
Wands
 w - a wand of flame (16)
 y - a wand of mindburst (6)
 N - a wand of roots (3)
Scrolls
 e - 2 scrolls of blinking
 h - 8 scrolls of enchant armour
 m - 2 scrolls of enchant weapon
 n - 2 scrolls of fear
 s - a scroll of teleportation
 t - 2 scrolls of vulnerability
 I - a scroll of fog
 J - a scroll of torment {unknown}
 K - 2 scrolls of silence
 P - a scroll of poison
Potions
 d - a potion of might
 j - 5 potions of heal wounds
 k - 2 potions of curing
 o - 2 potions of mutation
 p - 14 potions of degeneration
 q - a potion of cancellation {unknown}
 u - a potion of berserk rage {unknown}
 v - a potion of ambrosia {unknown}
 z - 4 potions of attraction
 A - 2 potions of flight
 D - 2 potions of brilliance {unknown}
 M - a potion of lignification {unknown}


   Skills:
 + Level 8.7 Fighting
 + Level 8.0 Short Blades
 - Level 2.8 Maces & Flails
 - Level 2.4 Armour
 + Level 3.1 Dodging
 + Level 5.0 Stealth
 - Level 5.6 Shields
 - Level 4.3 Spellcasting
 - Level 4.0 Ice Magic
 + Level 3.1 Poison Magic


You had 8 spell levels left.
You knew the following spells:

 Your Spells              Type           Power      Damage    Failure   Level
a - Frozen Ramparts       Ice            40%        1d7       4%          3
b - Ozocubu's Armour      Ice            20%        N/A       4%          3
c - Olgreb's Toxic Radia  Pois           17%        N/A       19%         4

Your spell library contained the following spells:

 Spells                   Type           Power      Damage    Failure   Level
 Freeze                   Ice            80%        1d9       1%          1
 Sting                    Tmut/Pois      40%        1d5       4%          1
 Poisonous Vapours        Pois/Air       20%        N/A       6%          2
 Hailstorm                Conj/Ice       12%        3d5       10%         3
 Gell's Gravitas          Tloc           4%         N/A       22%         3
 Kindle Blastsparks       Fire/Tloc/Air  8%         2d10      22%         3
 Teleport Other           Tloc           4%         N/A       22%         3
 Fulminant Prism          Conj/Hex       2%         3d5       56%         4
 Iskenderun's Mystic Bla  Conj/Tloc      4%         2d3       56%         4
 Metabolic Englaciation   Hex/Ice        6%         N/A       61%         5
 Blade Hands              Tmut           2%         N/A       87%         5
 Irradiate                Conj/Tmut      2%         3d12      87%         5
 Lee's Rapid Deconstruct  Erth           2%         3d4*      87%         5
 Dispersal                Tloc           2%         N/A       100%        6
 Dragon Form              Tmut           2%         N/A       100%        7
 Simulacrum               Ice/Necr       Unusable   N/A       N/A         6

Dungeon Overview and Level Annotations

Branches:
Dungeon (9/15)             Temple (1/1) D:7            Lair (1/5) D:9
    Orc (0/2) D:9          Bailey (visited)

Altars:
Ashenzari
Cheibriados
Dithmenos
Elyvilon
Fedhas
Gozag
Hepliaklqana
Kikubaaqudgha
Makhleb
Nemelex Xobeh
Okawaru
Qazlal
Ru
Sif Muna
Trog
Uskayaw
Vehumet
Wu Jian
Xom
Yredelemnul
Zin
The Shining One

Shops:
D:3 =   D:5 *

Portals:
Abyss: D:3

Annotations:
D:8 3 runed translucent doors, themarg's ghost, novice BaSu


Innate Abilities, Weirdness & Mutations

You have razor-sharp teeth.
Your natural rate of healing is unusually fast.
When hurt, damage is shared between your health and your magic reserves.
Your bite disrupts and absorbs the magic of your enemies.
Potions cannot restore your health.


Message History

The elephant trunk-slaps you but does no damage. 2 yaks come into view.
The elephant barely misses you.
The elephant trunk-slaps you but does no damage. 4 yaks come into view.
The yak bellows! x3
The bullfrog misses you.
The yak bellows! x2
You hit the bullfrog. You burn the bullfrog.
The bullfrog is moderately wounded.
You block the bullfrog's attack. The yak attacks as you move away!
The yak gores you!
Your surroundings suddenly seem different.
The black mamba hisses angrily.
The yak bellows!
The black mamba bites you!
* * * LOW HITPOINT WARNING * * *
You are poisoned.
The black mamba poisons you!
You feel very sick.
The black mamba bites you but does no damage.
The yak attacks as you move away! You block the yak's attack.
You feel very sick. The black mamba bites you!
* * * LOW HITPOINT WARNING * * *
The black mamba closely misses you.
You feel sick. The black mamba bites you.
* * * LOW HITPOINT WARNING * * *
Your system rejects the healing.
You feel better. The black mamba barely misses you.
You don't have enough magic at the moment.
You puncture the black mamba! You burn the black mamba.
Your bite misses the black mamba.
The black mamba is heavily wounded.
The black mamba bites you but does no damage.
The black mamba closely misses you.
You puncture the black mamba! You burn the black mamba.
Your bite misses the black mamba.
The black mamba is severely wounded.
The black mamba bites you!
You die...

..####..(.....##..
...##.....##.###.
##.........##...##
#P....$......#....
#P..(.(..#........
#...(.P......P....
#..(().......##.#
####SY.......†#.####
#..@#.....####..##
#.......########
##..# #.......#
#Y.##Y..# ###...##.
#.YY#YY.# #... #
#.Y.....##. ###.
#YYF....... #
##....#..P.
#..#####.#. #.. .##


You could see a black mamba and a yak.

Vanquished Creatures
  A two-headed ogre (D:8)
  A black mamba (Lair:1)
  The ghost of mandarbmax the Grave Robber, an amateur DsRe (D:3)
  A shadow (D:9)
  A wraith (D:9)
  A wyvern (D:8)
  6 yaks
  A steam dragon (D:8)
  7 water moccasins
  2 ice beasts (D:6)
  A sky beast (D:8)
  3 orc warriors
  5 black bears
  An ogre (D:5)
  2 centaurs (D:8)
  9 kobold brigands
  A phantom (D:5)
  7 bullfrogs
  A gnoll sergeant (D:9)
  2 necrophages (D:6)
  A scorpion (Lair:1)
  4 killer bees (D:9)
  2 howler monkeys
  A lava snake (D:9)
  2 hounds (D:5)
  A jelly (D:6)
  3 orc priests
  Crazy Yiuf (D:7)
  4 orc wizards
  3 iguanas
  A mummy (D:5)
  8 gnolls
  7 adders
  A shadow imp (D:3)
  A white imp (D:3)
  An ufetubus (D:3)
  4 worms
  3 dart slugs
  31 orcs
  9 ball pythons
  2 bats (D:3)
  7 endoplasms
  3 giant cockroaches
  7 goblins
  3 hobgoblins
  5 jackals (D:2)
  A frilled lizard (D:3)
  19 kobolds
  7 rats
196 creatures vanquished.

Vanquished Creatures (others)
  49 fungi
  55 plants
104 creatures vanquished.

Grand Total: 300 creatures vanquished

Notes
Turn   | Place    | Note
-------+----------+-------------------------------------------
     0 | D:1      | hikkokomori the Vine Stalker Fighter began the quest for
                  | the Orb.
     0 | D:1      | Reached XP level 1. HP: 11/11 MP: 2/2
   236 | D:1      | Reached XP level 2. HP: 9/16 MP: 1/3
   500 | D:1      | Reached XP level 3. HP: 4/20 MP: 0/4
   746 | D:2      | Gained mutation: Your natural rate of healing is unusually
                  | fast. [Vine Stalker growth]
   746 | D:2      | Reached XP level 4. HP: 18/24 MP: 5/5
  1207 | D:3      | Identified the +11 dagger of Wyrd {flame, Int+4}
  1284 | D:3      | Found a one-way gate to the infinite horrors of the Abyss.
  1284 | D:3      | Noticed mandarbmax's ghost (amateur DsRe)
  1315 | D:3      | Found Maugugg's Jewellery Shoppe.
  1339 | D:3      | Found a transporter.
  1383 | D:3      | Found a transporter.
  1548 | D:3      | Found a broken altar of Ashenzari.
  1572 | D:3      | Found a faded altar of an unknown god.
  1796 | D:4      | Reached XP level 5. HP: 28/28 MP: 6/6
  1820 | D:4      | Found a hazy altar of Hepliaklqana.
  1851 | D:4      | Noticed a black bear
  1855 | D:4      | Killed a black bear
  1856 | D:4      | Reached skill level 1 in Short Blades
  1880 | D:4      | Noticed a black bear
  1886 | D:4      | Killed a black bear
  1887 | D:4      | Reached XP level 6. HP: 33/33 MP: 7/7
  2274 | D:5      | Entered Level 5 of the Dungeon
  2308 | D:5      | Noticed a black bear
  2315 | D:5      | Killed a black bear
  2316 | D:5      | Reached XP level 7. HP: 31/38 MP: 8/8
  2430 | D:5      | Reached skill level 5 in Fighting
  2430 | D:5      | Reached skill level 5 in Shields
  2680 | D:5      | Found Soxyth's Assorted Antiques.
  2683 | D:5      | Bought a scroll of teleportation for 72 gold pieces
  2683 | D:5      | Bought 2 amethyst potions for 43 gold pieces
  2683 | D:5      | Bought a dyed leather armour for 120 gold pieces
  2806 | D:5      | Gained mutation: You have razor-sharp teeth. [Vine Stalker
                  | growth]
  2806 | D:5      | Reached XP level 8. HP: 43/43 MP: 9/9
  2906 | D:5      | Found a snail-covered altar of Cheibriados.
  3022 | D:3      | Killed mandarbmax's ghost
  3055 | D:3      | Learned a level 3 spell: Frozen Ramparts
  3059 | D:3      | Learned a level 3 spell: Ozocubu's Armour
  3187 | D:6      | Reached skill level 1 in Ice Magic
  3268 | D:6      | Identified the +4 hand axe "Ukhudytuce" {speed, *Slow rPois
                  | rC+ Will+ rCorr}
  3573 | D:6      | Reached skill level 5 in Short Blades
  3723 | D:7      | Found a flagged portal.
  3741 | Bailey   | Entered a bailey
  3770 | Bailey   | Reached XP level 9. HP: 49/49 MP: 10/10
  3856 | Bailey   | Found a bloodstained altar of Trog.
  4035 | D:7      | Found a runed translucent door.
  4036 | D:7      | Noticed Crazy Yiuf
  4127 | D:7      | Found a staircase to the Ecumenical Temple.
  4132 | Temple   | Entered the Ecumenical Temple
  4345 | Temple   | Became a worshipper of Warmaster Okawaru
  4470 | D:7      | Noticed a moth of wrath
  4549 | D:7      | Reached skill level 1 in Spellcasting
  4644 | D:7      | Found a bloodstained altar of Trog.
  4776 | D:7      | Killed Crazy Yiuf
  4928 | D:8      | Found a runed translucent gate.
  5217 | D:8      | Noticed a two-headed ogre
  5224 | D:8      | Killed a two-headed ogre
  5225 | D:8      | Reached XP level 10. HP: 29/56 MP: 13/16
  5315 | D:8      | Reached * piety under Okawaru
  5354 | D:8      | Reached skill level 1 in Stealth
  5611 | D:8      | Found a runed translucent gate.
  5611 | D:8      | Found a runed translucent gate.
  5613 | D:8      | Noticed themarg's ghost (novice BaSu)
  5900 | D:9      | Reached skill level 1 in Dodging
  5922 | D:9      | Found a staircase to the Orcish Mines.
  6093 | D:9      | Identified the ring of Peem {Wiz rF+ Will- Str+5}
  6215 | D:9      | Learned a level 4 spell: Olgreb's Toxic Radiance
  6391 | D:9      | Reached ** piety under Okawaru
  6401 | D:9      | Reached skill level 1 in Poison Magic
  6536 | D:9      | Found a staircase to the Lair.
  6992 | Lair:1   | Entered Level 1 of the Lair of Beasts
  7027 | Lair:1   | Reached *** piety under Okawaru
  7173 | Lair:1   | Reached XP level 11. HP: 59/60 MP: 18/18
  7214 | Lair:1   | Reached skill level 5 in Stealth
  7230 | Lair:1   | HP: 3/60 [black mamba (5)]
  7233 | Lair:1   | Slain by a black mamba

Illustrated notes

Levels and vault maps discovered:
D:1:      kennysheep_arrival_seaside, layout_rooms
D:2:      layout_rooms
D:3:      layout_rooms, cheibrodos_ashenzari_chains,
          gammafunk_ghost_abyssal_escape, serial_shops, shop,
          shapermc_ecumenical_altar_mp_ritualfount
D:4:      layout_gridville, mainiacjoe_overflow_surrounded_room,
          grunt_ministairs_13
D:5:      layout_basic, slow_altar_2, serial_shops, kennysheep_mini
D:6:      layout_loops_cross
D:7:      layout_basic, tgw_trog, minmay_temple_entry_wispy, enter_bailey_7,
          chequers_serial_rivers_marsh, uniq_crazy_yiuf_cottage
D:8:      layout_gridville, gammafunk_ghost_spectres
D:9:      layout_basic, due_lair_maze_entry_diamond, hiddenorc1_lemuel,
          kennysheep_minor_cross, nicolae_lava_and_water
Temple:   mainiacjoe_temple_bowtie_tessellation
Lair:1:   minmay_lair_oklob_tunnel, layout_misc_corridors, lemuel_fruit_tree

Skill      XL: |  1  2  3  4  5  6  7  8  9 10 11 |
---------------+----------------------------------+-----
Maces & Flails | 2 |  2.8
Fighting       | 3 4 5 6 7 8 |  8.7
Shields        | 3 4 5 |  5.6
Short Blades   | 2 3 5 6 7 8 |  8.0
Ice Magic      | 3 4 |  4.0
Spellcasting   | 3 4 |  4.3
Stealth        | 4 5 |  5.0
Dodging        | 2 3 |  3.1
Poison Magic   | 2 3 |  3.1
Armour         | |  2.4

Action                     |  1- 3 |  4- 6 |  7- 9 | 10-12 || total
---------------------------+-------+-------+-------+-------++-------
  Melee: Flail             |    21 |       |       |       ||    21
         Bite              |    10 |    14 |    53 |    55 ||   132
         Short sword       |    30 |    32 |       |       ||    62
         Dagger            |       |    42 |   196 |   201 ||   439
   Cast: Frozen Ramparts   |       |       |     2 |     1 ||     3
         Ozocubu's Armour  |       |       |     1 |       ||     1
  Evoke: Wand              |       |       |       |     8 ||     8
    Use: Scroll            |       |     4 |    10 |     8 ||    22
         Potion            |       |       |       |     2 ||     2
 Armour: Scale mail        |    35 |    26 |    21 |       ||    82
         Leather armour    |       |       |    27 |    64 ||    91
  Dodge: Dodged            |    29 |    30 |    95 |   100 ||   254
  Block: Buckler           |    12 |    16 |    48 |    57 ||   133

Table legend: (Time is in decaauts)
 A = Elapsed time spent in this place.
 B = Non-inter-level travel time spent in this place.
 C = Inter-level travel time spent in this place.
 D = Time resting spent in this place.
 E = Time spent auto-exploring this place.
 F = Levels seen in this place.
 G = Mean time per level.
                   A        B        C        D        E       F      G
               +--------+--------+--------+--------+--------+-----+--------+
         Total |   7151 |   6681 |    470 |     75 |   5230 |  12 |  595.9 |
       Dungeon |   6483 |   6046 |    437 |     71 |   4836 |   9 |  720.3 |
        Temple |    236 |    204 |     32 |      0 |    187 |   1 |  236.0 |
          Lair |    221 |    221 |      0 |      0 |     90 |   1 |  221.0 |
        Bailey |    209 |    209 |      0 |      4 |    116 |   1 |  209.0 |
               +--------+--------+--------+--------+--------+-----+--------+

Top non-repeatable levels by time:
     D:9: 1130 daAuts
     D:8: 1011 daAuts
     D:5: 678 daAuts
     D:7: 672 daAuts
     D:4: 642 daAuts
     D:1: 620 daAuts
     D:2: 591 daAuts
     D:6: 571 daAuts
     D:3: 564 daAuts
  Temple: 236 daAuts
  Lair:1: 221 daAuts
  Bailey: 209 daAuts
